 Dungeon Crawl Stone Soup version 0.30.1 (webtiles) character file.

Game seed: 11411925841559736309

378 growler the Trooper (level 6, -4/68 HPs)
             Began as an Ogre Cinder Acolyte on June 23, 2023.
             Was an Elder of Ignis.
             Splashed by a jelly's acid (12 damage)
             ... on level 4 of the Dungeon on July 8, 2023.
             The game lasted 00:19:27 (3073 turns).

growler the Trooper (Ogre Cinder Acolyte)           Turns: 3073, Time: 00:19:29

Health: -4/68      AC:  6    Str: 25    XL:     6   Next: 74%
Magic:  3/12       EV:  8    Int: 17    God:    Ignis [****..]
Gold:   209        SH:  5    Dex:  4    Spells: 11/13 levels left

rFire   + . .        a - -1 mace (flame)
rCold   . . .        t - +0 kite shield
rNeg    . . .        b - +0 robe
rPois   .            (helmet restricted)
rElec   +            (no cloak)
rCorr   .            (gloves unavailable)
SInv    .            (boots unavailable)
Will    ++...        m - amulet of regeneration
Stlth   +            v - ring "Vesekk" {rElec Will++ Str+6}
HPRegen 1.11/turn    (no ring)
MPRegen 0.13/turn

%: no passive effects
@: corroded, fiery-armoured
A: large, unfitting armour, tough skin 1
a: Renounce Religion, Fiery Armour, Foxfire Swarm, Rising Flame


You were on level 4 of the Dungeon.
You worshipped Ignis.
Ignis was greatly pleased with you.
You visited 1 branch of the dungeon, and saw 5 of its levels.

You collected 209 gold pieces.

Inventory:

Hand Weapons
 a - a -1 mace of flaming (weapon)
Armour
 b - a +0 robe (worn)
 t - a +0 kite shield (worn)
Magical Staves
 c - a staff of fire
 i - a staff of cold
Jewellery
 m - an amulet of regeneration (around neck)
 v - the ring "Vesekk" (left hand) {rElec Will++ Str+6}
   (You found it on level 3 of the Dungeon)

   [ring of strength]

   Str:       It affects your strength (+6).
   rElec:     It insulates you from electricity.
   Will:      It greatly increases your willpower.
Scrolls
 f - 4 scrolls of teleportation
 g - 3 scrolls of fear {unknown}
 h - 6 scrolls of identify
 k - a scroll of blinking {unknown}
 p - 2 scrolls of amnesia {unknown}
 q - 2 scrolls of enchant weapon {unknown}
 r - a scroll of immolation {unknown}
 s - 2 scrolls of noise {unknown}
Potions
 d - 3 potions of flight {unknown}
 e - 4 potions of heal wounds
 j - 2 potions of brilliance {unknown}
 l - a potion of curing {unknown}
 n - a potion of lignification {unknown}
 o - a potion of degeneration {unknown}
 u - 2 potions of attraction


   Skills:
 + Level 6.4 Fighting
 - Level 2.6 Maces & Flails
 + Level 4.3 Spellcasting
 + Level 4.3 Fire Magic


You had 11 spell levels left.
You knew the following spells:

 Your Spells              Type           Power      Damage    Failure   Level
a - Scorch                Fire           36%        2d7       9%          2

Your spell library contained the following spells:

 Spells                   Type           Power      Damage    Failure   Level
 Summon Small Mammal      Summ           12%        N/A       36%         1
 Poisonous Vapours        Pois/Air       6%         N/A       50%         2
 Call Canine Familiar     Summ           3%         N/A       73%         3
 Mephitic Cloud           Conj/Pois/Air  3%         N/A       73%         3
 Summon Guardian Golem    Hex/Summ       3%         N/A       73%         3
 Freezing Cloud           Conj/Ice/Air   1%         6-21      100%        5


Dungeon Overview and Level Annotations

Branches:
Dungeon (5/15)
 Temple: D:4-7

Altars:

Shops:
D:3 ?


Innate Abilities, Weirdness & Mutations

You are too large for most types of armour.
You have tough skin. (AC +1)


Message History

The jelly jiggles.
The hound barely misses you.
There is a stone staircase leading up here.
The hound barely misses you.
The orc zaps a wand.
The bolt of light hits you!! The jelly hits you. The acid corrodes you!
You are splashed with acid!
* * * LOW HITPOINT WARNING * * *
The hound bites you.
* * * LOW HITPOINT WARNING * * *
Your magical contamination has completely faded away.
You climb upwards.
There is a stone staircase leading down here.
The orc hits you with a +0 hand axe.
* * * LOW HITPOINT WARNING * * *
The hound closely misses you. The jelly attacks as you move away!
The jelly barely misses you. The hound bites you.
* * * LOW HITPOINT WARNING * * *
The hound closely misses you.
A protective cloak of flame settles atop you.
The jelly hits you but does no damage.
The jelly is burned by your cloak of flames.
The jelly is moderately wounded.
The hound bites you.
* * * LOW HITPOINT WARNING * * *
The hound is burned by your cloak of flames.
The hound is moderately wounded.
The orc attacks as you move away! The orc closely misses you.
You block the hound's attack.
Casting: Scorch (safe; 10% risk of failure)
Confirm with . or Enter, or press ? or * to list all spells.
Flames lash the hound.
You kill the hound!
Casting: Scorch (safe; 9% risk of failure)
Confirm with . or Enter, or press ? or * to list all spells.
Flames lash the jelly.
The jelly is heavily wounded.
The jelly's fire resistance burns away.
The jelly hits you.
* * * LOW HITPOINT WARNING * * *
You are splashed with acid!
You die...

.....# #.##.###...##..#..........
#...####.##......................
#........##..........##.....####.
##.########..........##.....# ##
#.# #.......######...## ##'##
#####.>.# ##.## #...## #.o.# #.#
.....## #####J## ##.## # ......##
##.###@## #...## ##
.......####...#...######.#..####.
.......+...)...................+.
.......####...#.########....####.
.>....## ##.##.# #.#.## ##
.....## ####.# #.### # #...## #.#
#.# ##'## #.# #.# ##.# #.# #.#


You could see a jelly (combustible) and an orc.

Vanquished Creatures
  An ogre (D:4)
  A hound (D:4)
  An orc wizard (D:5)
  An iguana (D:4)
  8 adders
  3 gnolls (D:4)
  An ufetubus (D:4)
  2 worms (D:3)
  3 dart slugs
  11 orcs
  3 ball pythons
  5 bats
  7 endoplasms
  6 giant cockroaches
  4 goblins
  3 hobgoblins (D:3)
  7 jackals
  3 quokkas
  6 frilled lizards
  8 kobolds
  6 rats
90 creatures vanquished.

Vanquished Creatures (others)
  14 foxfires (D:4)
14 creatures vanquished.

Grand Total: 104 creatures vanquished

Notes
Turn   | Place    | Note
-------+----------+-------------------------------------------
     0 | D:1      | growler the Ogre Cinder Acolyte began the quest for the
                  | Orb.
     0 | D:1      | Reached XP level 1. HP: 24/24 MP: 2/2
   393 | D:1      | Reached XP level 2. HP: 12/32 MP: 4/4
   563 | D:1      | Learned a level 2 spell: Scorch
   563 | D:1      | Upgraded the game from 0.30.0-29-ga12c61a403 to
                  | 0.30.0-30-g96aa6591b8
   843 | D:2      | Reached XP level 3. HP: 40/40 MP: 6/6
  1196 | D:3      | Found Jausieho's Magic Scroll Emporium.
  1291 | D:3      | Reached XP level 4. HP: 49/49 MP: 3/7
  1366 | D:3      | Reached skill level 5 in Fighting
  1432 | D:3      | You fall into a shaft and drop 1 floor!
  1957 | D:3      | Reached XP level 5. HP: 57/57 MP: 9/9
  2056 | D:3      | Identified the ring "Vesekk" {rElec Will++ Str+6}
  2191 | D:4      | Noticed an ogre
  2194 | D:4      | Killed an ogre
  2195 | D:4      | Reached XP level 6. HP: 67/67 MP: 9/11
  2246 | D:4      | Reached skill level 6 in Fighting
  2982 | D:5      | Entered Level 5 of the Dungeon
  2983 | D:5      | Upgraded the game from 0.30.0-30-g96aa6591b8 to 0.30.1
  3073 | D:4      | Splashed by a jelly's acid

Illustrated notes

Levels and vault maps discovered:
D:1:      lightli_arrival_isolated_outpost, layout_loops_ring
D:2:      layout_basic
D:3:      minmay_octagon_keep, layout_basic, serial_glass, glass_columns_c,
          glass_columns_a, glass_columns_a, glass_columns_a, serial_shops, shop
D:4:      layout_loops_corners, minmay_misc_feat_secret_circle
D:5:      layout_cave_pools

Skill      XL: |  1  2  3  4  5  6 |
---------------+-------------------+-----
Fire Magic     | 3 4 |  4.3
Spellcasting   | 2 3 4 |  4.3
Fighting       | 5 6 |  6.4
Maces & Flails | |  2.6

Action                     |  1- 3 |  4- 6 || total
---------------------------+-------+-------++-------
  Melee: Mace              |   112 |   194 ||   306
         Punch             |     2 |       ||     2
   Cast: Scorch            |     5 |    10 ||    15
 Invoke: Fiery Armour      |     1 |     1 ||     2
         Foxfire Swarm     |       |     1 ||     1
    Use: Scroll            |       |     2 ||     2
         Potion            |       |     1 ||     1
 Armour: Robe              |    63 |    74 ||   137
  Dodge: Dodged            |    72 |   106 ||   178
  Block: Kite shield       |     1 |    70 ||    71
